 Dungeon Crawl Stone Soup version 0.32-a0-876-gcfddb08e57 (webtiles) character file.

Game seed: 7466516114543561815

93 Rennog the Vexing (level 4, -2/30 HPs)
             Began as an Octopode Hexslinger on Mar 1, 2024.
             Slain by an adder (4 damage)
             ... on level 3 of the Dungeon on Apr 1, 2024.
             The game lasted 00:08:25 (1860 turns).

Rennog the Vexing (Octopode Hexslinger)             Turns: 1860, Time: 00:08:26

Health: -2/30      AC:  1    Str:  9    XL:     4   Next: 62%
Magic:  5/5        EV: 12    Int: 15    God:
Gold:   156        SH:  0    Dex: 14    Spells: 5/5 levels left

rFire   . . .        g - +0 dagger
rCold   . . .        (no shield)
rNeg    . . .        (helmet restricted)
rPois   .            (no amulet)
rElec   .            (no ring)
rCorr   .            (no ring)
SInv    .            (no ring)
Will    .....        (no ring)
Stlth   +++          (no ring)
HPRegen 0.25/turn    (no ring)
MPRegen 0.09/turn    (no ring)
                     (no ring)

%: no passive effects
@: no status effects
A: almost no armour, amphibious, 8 rings, camouflage 1, gelatinous body 1,
(nimble swimmer 1), tentacles
a: no special abilities


You were on level 3 of the Dungeon.
You visited 1 branch of the dungeon, and saw 3 of its levels.

You collected 156 gold pieces.

Inventory:

Hand Weapons
 a - a +1 sling
 g - a +0 dagger (weapon)
Armour
 j - a +0 cloak
Wands
 n - a wand of quicksilver (12)
Scrolls
 b - 2 scrolls of poison
 d - a scroll of teleportation {unknown}
 f - a scroll of revelation {unknown}
 h - a scroll of noise {unknown}
 k - 2 scrolls of identify {unknown}
 m - a scroll of brand weapon {unknown}
Potions
 c - a potion of might {unknown}
 e - a potion of heal wounds {unknown}
 i - a potion of resistance {unknown}
 l - 2 potions of ambrosia {unknown}
 o - a potion of curing {unknown}
 p - a potion of lignification {unknown}


   Skills:
 * Level 2.5 Fighting
 - Level 2.3 Ranged Weapons
 + Level 2.7 Dodging
 + Level 2.0 Stealth
 - Level 1.2 Spellcasting
 - Level 3.2 Hexes
 - Level 1.3 Fire Magic


You had 5 spell levels left.
You didn't know any spells.
Your spell library contained the following spells:

 Spells                   Type           Power      Damage    Failure   Level
 Jinxbite                 Hex            20%        N/A       10%         2
 Sigil of Binding         Hex            10%        N/A       19%         3
 Inner Flame              Hex/Fire       7%         N/A       28%         3
 Static Discharge         Conj/Air       0%         3-3/arc   36%         2
 Cause Fear               Hex            5%         N/A       54%         4
 Call Canine Familiar     Summ           0%         N/A       58%         3
 Dimensional Bullseye     Hex/Tloc       2%         N/A       77%         4
 Airstrike                Air            0%         2d(0-16)  94%         4
 Summon Lightning Spire   Summ/Air       0%         N/A       94%         4


Dungeon Overview and Level Annotations

Branches:
Dungeon (3/15)

Altars:


Innate Abilities, Weirdness & Mutations

You cannot wear most types of armour.
You are amphibious.
You can wear up to eight rings at the same time.
Your skin changes colour to match your surroundings (Stealth+).
Your rubbery body absorbs attacks. (AC +1, EV +1)
((You are camouflaged when in or above water. (Stealth+)))
You have tentacles for arms and can constrict up to eight enemies at once.


Message History

The quokka twitches its whiskers.
The quokka closely misses you.
You hit the quokka. Your grab misses the quokka. You squeeze the quokka.
You kill the quokka!
You miss the orc wizard. Your grab misses the orc wizard.
The orc wizard gestures at you while chanting.
You resist with some effort.
An adder comes into view.
The adder hisses angrily.
You hit the orc wizard but do no damage.
You grab the orc wizard. You constrict the orc wizard.
The orc wizard closely misses you.
You hit the orc wizard but do no damage.
The orc wizard is moderately wounded.
You constrict the orc wizard.
The orc wizard mumbles some strange words.
The orc wizard flickers and vanishes!
Deactivating autopickup; reactivate with Ctrl-A.
You hit something. You constrict something.
You hear some strange, mumbled words.
You are confused.
You hit something but do no damage. You constrict something.
Something hits you.
You release your grip on something.
The adder closely misses you.
Things that are here:
a +0 short sword; a kobold corpse You bump into the rock wall.
The adder bites you. Something hits you. The adder bites you.
You bump into the rock wall.
Something hits you. The adder barely misses you.
You barely miss the adder. Your squeeze misses the adder. Something hits you.
The adder bites you.
* * * LOW HITPOINT WARNING * * *
You miss the adder. Your squeeze misses the adder.
The adder closely misses you. Something hits you.
* * * LOW HITPOINT WARNING * * *
You feel less confused. The adder closely misses you. Something hits you.
* * * LOW HITPOINT WARNING * * *
The adder bites you.
You die...

#.....K...#####....#
..o.. #..........#
...#.#..........#
####o#..#.#####..##
#...<.............#
#.#....##o........#
#...###..)....<.#
##..## #.S...<...#
.#...####)@.......#
.......).†..........
.#.#.####.........###
..... ..........#
##(........#
#..)......#
#.######## ... ..


You could see an adder and an orc.

Vanquished Creatures
  4 adders
  A dart slug (D:1)
  2 orcs
  7 ball pythons
  8 bats
  2 endoplasms
  2 goblins
  4 hobgoblins
  7 jackals (D:2)
  2 kobolds
  3 quokkas
  A frilled lizard (D:1)
  8 rats
51 creatures vanquished.

Notes
Turn   | Place    | Note
-------+----------+-------------------------------------------
     0 | D:1      | Rennog the Octopode Hexslinger began the quest for the Orb.
     0 | D:1      | Reached XP level 1. HP: 13/13 MP: 2/2
     8 | D:1      | Upgraded the game from 0.32-a0-576-g706899e69d to
                  | 0.32-a0-616-g9348d4545b
    16 | D:1      | Upgraded the game from 0.32-a0-616-g9348d4545b to
                  | 0.32-a0-630-g46d191b0ed
    29 | D:1      | Upgraded the game from 0.32-a0-630-g46d191b0ed to
                  | 0.32-a0-643-ga006e7742e
    29 | D:1      | Upgraded the game from 0.32-a0-643-ga006e7742e to
                  | 0.32-a0-871-ge202e49faa
    32 | D:1      | Upgraded the game from 0.32-a0-871-ge202e49faa to
                  | 0.32-a0-876-gcfddb08e57
   161 | D:1      | Reached XP level 2. HP: 18/18 MP: 3/3
   776 | D:1      | Found a faded altar of an unknown god.
  1118 | D:2      | Reached XP level 3. HP: 23/23 MP: 4/4
  1315 | D:2      | Reached skill level 1 in Stealth
  1447 | D:2      | Reached XP level 4. HP: 19/29 MP: 5/5
  1860 | D:3      | Slain by an adder

Illustrated notes

Levels and vault maps discovered:
D:1:      dpeg_arrival_shrine, layout_basic, shapermc_ecumenical_altar_pompeii
D:2:      layout_rooms
D:3:      minmay_general_purpose_star, layout_rooms, cheibrodos_gnoll_hut

Skill      XL: |  1  2  3  4 |
---------------+-------------+-----
Stealth        | 1 2 |  2.0
Fighting       | 2 |  2.5
Ranged Weapons | |  2.3
Dodging        | |  2.7
Spellcasting   | |  1.2
Hexes          | |  3.2
Fire Magic     | |  1.3

Action                     |  1- 3 |  4- 6 || total
---------------------------+-------+-------++-------
  Melee: Dagger            |    36 |    36 ||    72
         Constrict         |    11 |    12 ||    23
         Tentacles         |     8 |    10 ||    18
   Fire: Sling             |    58 |       ||    58
   Stab: Sleeping          |     3 |     3 ||     6
 Armour: Skin              |    36 |    17 ||    53
  Dodge: Dodged            |    50 |    23 ||    73

Table legend: (Time is in decaauts)
 A = Elapsed time spent in this place.
 B = Non-inter-level travel time spent in this place.
 C = Inter-level travel time spent in this place.
 D = Time resting spent in this place.
 E = Time spent auto-exploring this place.
 F = Levels seen in this place.
 G = Mean time per level.
                   A        B        C        D        E       F      G
               +--------+--------+--------+--------+--------+-----+--------+
         Total |   1877 |   1727 |    150 |     51 |   1350 |   3 |  625.7 |
       Dungeon |   1877 |   1727 |    150 |     51 |   1350 |   3 |  625.7 |
               +--------+--------+--------+--------+--------+-----+--------+

Top non-repeatable levels by time:
     D:1: 1102 daAuts
     D:2: 729 daAuts
     D:3: 45 daAuts
